 Dungeon Crawl Stone Soup version 0.31-a0-1163-gcee99d1eea (webtiles) character file.

Game seed: 11238206384418532966

404 HopperZumper the Chopper (level 7, -1/6 HPs)
             Began as a Human Berserker on Dec 9, 2023.
             Was a Believer of Trog.
             Slain by a river rat (6 damage)
             ... summoned by Eustachio
             ... on level 4 of the Dungeon.
             The game lasted 00:28:35 (2863 turns).

HopperZumper the Chopper (Human Berserker)          Turns: 2863, Time: 00:28:35

Health: -1/6       AC:  6    Str: 22    XL:     7   Next: 12%
Magic:  0/7        EV: 11    Int:  7    God:    Trog [**....]
Gold:   166        SH:  0    Dex: 15    Spells: 6/6 levels left

rFire   . . .        a - melded +0 hand axe (vamp)
rCold   . . .        x - melded orb {light}
rNeg    . . .        f - melded +0 ring mail
rPois   +            (helmet currently unavailable)
rElec   .            (cloak currently unavailable)
rCorr   .            (gloves currently unavailable)
SInv    .            (boots currently unavailable)
Will    .....        C - amulet of guardian spirit
Stlth   ++           o - +4 ring of protection
HPRegen 0.21/turn    (no ring)
MPRegen 0.10/turn

%: guardian spirit
@: snake-form
A: constrict, reduced hp, large
a: Begin Untransformation, Renounce Religion, Berserk, Trog's Hand


You were on level 4 of the Dungeon.
You worshipped Trog.
Trog was pleased with you.
You were an enormous serpent.
You visited 1 branch of the dungeon, and saw 4 of its levels.

You collected 166 gold pieces.

Inventory:

Hand Weapons
 a - a +0 vampiric hand axe (melded)
 i - a +0 mace
 q - a +2 dagger of venom
Missiles
 e - a throwing net
 g - 33 stones
Armour
 b - a +0 animal skin
 d - a +0 buckler
 f - a +0 ring mail (melded)
 v - a +0 leather armour
 x - an orb of light (melded)
Jewellery
 o - a +4 ring of protection (left hand)
 C - an amulet of guardian spirit (around neck)
Talismans
 j - a serpent talisman (active)
Scrolls
 h - 2 scrolls of revelation {unknown}
 k - a scroll of vulnerability {unknown}
 l - a scroll of noise
 r - a scroll of identify
 s - a scroll of poison {unknown}
 t - a scroll of brand weapon
 u - a scroll of immolation {unknown}
 y - a scroll of enchant armour {unknown}
 z - 3 scrolls of teleportation {unknown}
 B - a scroll of blinking {unknown}
Potions
 m - a potion of enlightenment {unknown}
 n - a potion of berserk rage {unknown}
 p - a potion of brilliance {unknown}
 w - a potion of mutation {unknown}
 A - 2 potions of curing


   Skills:
 + Level 4.0 Fighting
 + Level 5.2 Axes
 + Level 3.7 Armour
 + Level 3.1 Dodging
 + Level 0.6 Stealth
 + Level 1.1 Shields


You had 6 spell levels left.
You didn't know any spells.
Your spell library contained the following spells:

 Spells                   Type           Power      Damage    Failure   Level
 Freeze                   Ice            0%         1d3       43%         1
 Frozen Ramparts          Ice            0%         1d1       80%         3
 Hailstorm                Conj/Ice       0%         3d5       80%         3


Dungeon Overview and Level Annotations

Branches:
Dungeon (4/15)
 Temple: D:4-7

Altars:
Makhleb
Sif Muna
Yredelemnul
The Shining One

Annotations:
D:4 Eustachio


Message History

You constrict the shadow imp.
Eustachio gestures wildly while chanting.
Eustachio blinks!
The shadow imp barely misses you. The shadow imp hits you.
You hit the shadow imp.
You kill the shadow imp!
The shadow imp disappears in a puff of smoke!
The shadow imp hits you.
You barely miss the shadow imp. Your grab misses the shadow imp.
The shadow imp gestures at you. Pain shoots through your body!
You barely miss the shadow imp. Your grab misses the shadow imp.
The shadow imp closely misses you.
You closely miss the shadow imp. You grab the shadow imp.
You constrict the shadow imp.
The shadow imp hits you but does no damage.
Non-targeted drink: potion of heal wounds
Press: ? - help, Q - select action, (/) - cycle Dir - look around, f - activate Look: Eustachio, wielding a +1 rapier of holy wrath and wearing a +0 leather armour You feel much better.
You constrict the shadow imp. The shadow imp barely misses you.
You lash the shadow imp!
You kill the shadow imp!
The shadow imp disappears in a puff of smoke!
You recover from your berserk rage.
Eustachio mumbles some strange words.
You barely miss Eustachio. Your grab misses Eustachio.
Eustachio hits you with a +1 rapier of holy wrath.
The river rat barely misses you.
You closely miss Eustachio. You grab Eustachio. You constrict Eustachio.
The quokka bites you. Eustachio closely misses you. The river rat bites you.
You hit Eustachio.
Eustachio is lightly wounded.
You constrict Eustachio. The quokka closely misses you.
Eustachio closely misses you. The river rat barely misses you.
You lash Eustachio!
Eustachio is heavily wounded.
You constrict Eustachio. The quokka closely misses you.
Eustachio barely misses you. The river rat bites you.
Ouch! That really hurt!
You die...

#....).........
#..............
##
#..............
#..
#..##..######..
#..##..##..##
#...........#
#..##....†..#
.##..##(.>...##
......)).@Sr.#
......))..r..#
.....##..##..#
.##.. #####..#
#. ...# # $...#
##..# #..#


You could see Eustachio, a river rat (summoned) and a quokka (summoned).

Vanquished Creatures
  A black bear (D:4)
  An ogre (D:4)
  A scorpion (D:4)
  A howler monkey (D:3)
  A hound (D:4)
  An orc priest (D:4)
  An adder (D:4)
  A worm (D:2)
  2 dart slugs
  3 orcs (D:4)
  7 ball pythons
  5 endoplasms
  3 giant cockroaches
  7 hobgoblins
  2 jackals (D:2)
  7 kobolds
  6 bats
  3 frilled lizards
  4 goblins
  A rat (D:2)
58 creatures vanquished.

Notes
Turn   | Place    | Note
-------+----------+-------------------------------------------
     0 | D:1      | HopperZumper the Human Berserker began the quest for the
                  | Orb.
     0 | D:1      | Reached XP level 1. HP: 18/18 MP: 1/1
   131 | D:1      | Reached XP level 2. HP: 20/24 MP: 2/2
   640 | D:1      | Reached XP level 3. HP: 29/29 MP: 3/3
  1698 | D:3      | Found a shimmering blue altar of Sif Muna.
  1811 | D:3      | Reached ** piety under Trog
  1837 | D:3      | Found a burning altar of Makhleb.
  1964 | D:3      | Reached XP level 4. HP: 23/35 MP: 4/4
  2220 | D:3      | Found a glowing golden altar of the Shining One.
  2222 | D:3      | Noticed an angel
  2241 | D:3      | Found a basalt altar of Yredelemnul.
  2243 | D:3      | Noticed a profane servitor
  2703 | D:4      | Reached skill level 4 in Axes
  2703 | D:4      | Reached XP level 5. HP: 41/41 MP: 5/5
  2744 | D:4      | Noticed an ogre
  2756 | D:4      | Killed an ogre
  2757 | D:4      | Reached skill level 1 in Shields
  2757 | D:4      | Reached XP level 6. HP: 48/48 MP: 6/6
  2805 | D:4      | Noticed a black bear
  2819 | D:4      | Killed a black bear
  2820 | D:4      | Reached skill level 5 in Axes
  2820 | D:4      | Reached XP level 7. HP: 22/54 MP: 1/7
  2832 | D:4      | Noticed Eustachio
  2863 | D:4      | Slain by a river rat

Illustrated notes

Levels and vault maps discovered:
D:1:      dpeg_arrival_arbitrary_c, layout_basic, palyth_stone_intersect
D:2:      layout_rooms
D:3:      layout_basic, grunt_temple_overflow_holy_war,
          nicolae_sif_muna_condensation, nicolae_overflow_crystal_walls,
          minivault_11, hangedman_decor_riveting, minmay_quantized
D:4:      layout_gridville, uniq_eustachio

Skill      XL: |  1  2  3  4  5  6 |
---------------+-------------------+-----
Axes           | 4 5 |  5.2
Armour         | 3 |  3.7
Shields        | 1 |  1.1
Dodging        | 3 |  3.1
Fighting       | 4 |  4.0
Stealth        | |  0.6

Action                     |  1- 3 |  4- 6 |  7- 9 || total
---------------------------+-------+-------+-------++-------
  Melee: Hand axe          |   131 |    55 |     5 ||   191
         Unarmed           |       |       |    12 ||    12
         Constrict         |       |       |     3 ||     3
 Invoke: Berserk           |       |     2 |       ||     2
         Trog's Hand       |       |     1 |       ||     1
    Use: Scroll            |     2 |     1 |       ||     3
         Potion            |     1 |       |     1 ||     2
 Armour: Animal skin       |     6 |       |       ||     6
         Ring mail         |    97 |    66 |     3 ||   166
         Skin              |       |       |     9 ||     9
  Dodge: Dodged            |    88 |    75 |    18 ||   181
  Block: Buckler           |    25 |     3 |       ||    28
   Form: Serpent           |       |     1 |     1 ||     2

Table legend: (Time is in decaauts)
 A = Elapsed time spent in this place.
 B = Non-inter-level travel time spent in this place.
 C = Inter-level travel time spent in this place.
 D = Time resting spent in this place.
 E = Time spent auto-exploring this place.
 F = Levels seen in this place.
 G = Mean time per level.
                   A        B        C        D        E       F      G
               +--------+--------+--------+--------+--------+-----+--------+
         Total |   2904 |   2817 |     87 |      0 |      0 |   4 |  726.0 |
       Dungeon |   2904 |   2817 |     87 |      0 |      0 |   4 |  726.0 |
               +--------+--------+--------+--------+--------+-----+--------+

Top non-repeatable levels by time:
     D:3: 991 daAuts
     D:1: 904 daAuts
     D:2: 809 daAuts
     D:4: 198 daAuts
